 Dungeon Crawl Stone Soup version 0.18-a0-971-g0af6217 (webtiles) character file.

69 Duffy the Chopper (level 4, -2/23 HPs)
             Began as a Vine Stalker Berserker on Jan 3, 2016.
             Was a Follower of Trog.
             Slain by a kobold
             ... wielding a +0 short sword
              (4 damage)
             ... on level 2 of the Dungeon.
             The game lasted 00:00:56 (441 turns).

Duffy the Chopper (Vine Stalker Berserker)           Turns: 441, Time: 00:00:56

Health: -2/23      AC:  2    Str: 19    XL:     4   Next: 20%
Magic:  0/5        EV: 12    Int:  8    God:    Trog [*.....]
Gold:   38         SH:  0    Dex: 14    Spells: 0 memorised, 3 levels left

rFire  . . .     SeeInvis .     a - +0 hand axe
rCold  . . .     Gourm    .     b - +0 animal skin
rNeg   . . .     Faith    .     (no shield)
rPois  +         Spirit   +     (no helmet)
rElec  .         Dismiss  .     (no cloak)
rCorr  .         Reflect  .     (no gloves)
SustAt .         Harm     .     (no boots)
MR     .....                    (no amulet)
Stlth  +.........               (no ring)
                                d - ring of poison resistance

@: not resistant to hostile enchantments, very unstealthy
A: fangs 2, regeneration 1, magic shield, antimagic bite, no device heal 3, rot
immunity
a: Berserk, Burn Spellbooks, Renounce Religion


You were on level 2 of the Dungeon.
You worshipped Trog.
Trog was aware of your devotion.
You were hungry.

You visited 1 branch of the dungeon, and saw 2 of its levels.

You collected 38 gold pieces.


Innate Abilities, Weirdness & Mutations

You have extremely sharp teeth.
Your natural rate of healing is unusually fast.
When hurt, damage is shared between your health and your magic reserves.
Your bite disrupts and absorbs the magic of your enemies.
Potions and wands cannot restore your health.
You are immune to rotting.


   Skills:
 - Level 2.6 Fighting
 + Level 4.4 Axes
 - Level 1.5 Armour
 - Level 1.5 Dodging


You had 3 spell levels left.
You didn't know any spells.

Inventory:

Hand Weapons
 a - a +0 hand axe (weapon)
Armour
 b - a +0 animal skin (worn)
Jewellery
 d - a ring of poison resistance (left hand)
 i - a +3 ring of evasion {unknown}
Scrolls
 f - a scroll of fog {unknown}
Potions
 e - 3 potions of degeneration {unknown}
 g - a potion of curing {unknown}
 h - a potion of mutation {unknown}
 j - a potion of magic {unknown}
Comestibles
 c - a bread ration
 k - a meat ration

Dungeon Overview and Level Annotations

Branches:
Dungeon (2/15)

Altars:


Message History

You kill the kobold!
Trog accepts your kill.
You closely miss the kobold. The kobold hits you with a short sword.
The kobold closely misses you.
The kobold throws a stone.
The stone hits you but does no damage.
You see here a stone.
You hear a zap.
You hear a grinding noise.
You closely miss the kobold. Your bite misses the kobold.
The kobold is moderately wounded.
You feel less exhausted. The kobold hits you with a short sword.
You miss the kobold. You bite the kobold. You drain its power.
You feel invigorated.
The kobold is severely wounded.
The kobold hits you but does no damage.
You hit the kobold.
You kill the kobold!
Trog accepts your kill.
You hear a zap.
You hear a grinding noise.
You hear a zap.
You hear a grinding noise.
You hit the kobold.
You kill the kobold!
Trog accepts your kill.
You closely miss the kobold. The kobold hits you with a short sword.
You hear a zap.
You hear a grinding noise.
You hit the kobold.
The kobold is moderately wounded.
The kobold hits you with a short sword.
You miss the kobold. Your bite misses the kobold.
The kobold is moderately wounded.
The kobold hits you but does no damage.
You hit the kobold but do no damage. You bite the kobold, but do no damage.
The kobold is moderately wounded.
The kobold hits you with a short sword.
You die...

#.# #######K#
#......K## #.##.....#
.....##K.##
#.#####.#.## . #
###.###.####.... #.K##
##........
###@###.#######+####
###.#.### #......)#
#.......# #.}...}.#
#.......###.......#
#...<...#.+...}...)
#.........#......(#
#.......###.}...}.#
#.......# #.......#
#.##.......######+####


You could see a kobold.

Action                   |  1- 3 |  4- 6 || total
-------------------------+-------+-------++-------
Melee: Hand axe          |    54 |    17 ||    71
Invok: Berserk           |     3 |       ||     3
  Eat: Chunk             |       |     1 ||     1

Notes
Turn   | Place    | Note
--------------------------------------------------------------
     0 | D:1      | Duffy the Vine Stalker Berserker began the quest for the Orb.
     0 | D:1      | Reached XP level 1. HP: 11/11 MP: 2/2
    72 | D:1      | Reached skill level 3 in Axes
   105 | D:1      | Reached XP level 2. HP: 16/16 MP: 3/3
   266 | D:2      | Noticed Natasha
   276 | D:2      | Killed Natasha
   276 | D:2      | Reached skill level 4 in Axes
   276 | D:2      | Reached XP level 3. HP: 1/19 MP: 4/4
   284 | D:2      | Noticed Natasha
   373 | D:2      | Killed Natasha
   373 | D:2      | Reached XP level 4. HP: 23/23 MP: 3/5
   441 | D:2      | Slain by a kobold

Vault maps used:
D:1:      dpeg_arrival_rooms_c, kennysheep_crisscross
D:2:      grunt_temple_overflow_open, dk_vineyard_1, minmay_fountain_box,
          minmay_goblin_kobold_house, uniq_natasha

Vanquished Creatures
  Natasha (twice)
  A worm
  A giant gecko
  A giant cockroach
  2 goblins
  2 hobgoblins
  2 bats
  5 kobolds
  3 rats
19 creatures vanquished.
